 Dungeon Crawl Stone Soup version 0.31-a0-210-gccc998df9b (webtiles) character file.

Game seed: 14107256126328603989

963 Dittersdorf the Covered (level 8, 0/51 HPs)
             Began as a Gargoyle Fighter on June 29, 2023.
             Slain by an ogre
             ... wielding a +0 giant spiked club
              (20 damage)
             ... on level 6 of the Dungeon.
             The game lasted 00:06:49 (4960 turns).

Dittersdorf the Covered (Gargoyle Fighter)          Turns: 4960, Time: 00:06:49

Health: 0/51       AC: 17    Str: 21    XL:     8   Next: 15%
Magic:  8/8        EV:  5    Int: 10    God:
Gold:   295        SH: 12    Dex:  9    Spells: 7/7 levels left

rFire   . . .        a - +1 flail
rCold   . . .        r - +0 tower shield
rNeg    + . .        f - +0 chain mail
rPois   ∞            m - +0 helmet
rElec   +            (no cloak)
rCorr   +            (no gloves)
SInv    .            (no boots)
Will    .....        u - amulet of faith Stlth
                     s - ring of resist corrosion
HPRegen 0.28/turn    (no ring)
MPRegen 0.11/turn

%: faith
@: no status effects
A: sickness immunity, AC +5, negative energy resistance 1, electricity
resistance, torment resistance 1, petrification resistance
a: no special abilities


You were on level 6 of the Dungeon.
You visited 1 branch of the dungeon, and saw 6 of its levels.

You collected 295 gold pieces.

Inventory:

Hand Weapons
 a - a +1 flail (weapon)
Missiles
 k - a throwing net (quivered)
Armour
 f - a +0 chain mail (worn)
 m - a +0 helmet (worn)
 q - a +0 plate armour
 r - a +0 tower shield (worn)
Jewellery
 s - a ring of resist corrosion (left hand)
 u - an amulet of faith (around neck)
Wands
 h - a wand of roots (13)
Potions
 b - 3 potions of degeneration {unknown}
 c - a potion of heal wounds
 d - 2 potions of might
 e - a potion of cancellation {unknown}
 g - a potion of brilliance {unknown}
 i - a potion of resistance {unknown}
 j - a potion of ambrosia
 l - 2 potions of attraction {unknown}
 n - a potion of mutation
 o - 4 potions of curing {unknown}
 t - a potion of magic


   Skills:
 + Level 5.9 Fighting
 + Level 4.9 Maces & Flails
 + Level 5.9 Armour
 + Level 5.9 Shields


You had 7 spell levels left.
You didn't know any spells.
Your spell library contained the following spells:

 Spells                   Type           Power      Damage    Failure   Level
 Summon Small Mammal      Summ           0%         N/A       100%        1
 Call Canine Familiar     Summ           0%         N/A       100%        3
 Summon Guardian Golem    Hex/Summ       0%         N/A       100%        3


Dungeon Overview and Level Annotations

Branches:
Dungeon (6/15)
 Temple: D:4-7

Altars:
Fedhas
Gozag
Vehumet

Shops:
D:2 [   D:5 :

Annotations:
D:2 1 runed translucent door, Crazy Yiuf


Innate Abilities, Weirdness & Mutations

You are immune to sickness and miasma.
Your stone body is resilient. (AC +5)
You are immune to poison.
You resist negative energy. (rN+)
You are resistant to electric shocks. (rElec)
You are resistant to unholy torment.
You are immune to petrification.


Message History

The black bear claws you but does no damage.
You block the black bear's attack.
You sock the black bear!
The black bear is almost dead.
The black bear goes berserk!
The black bear bites you but does no damage.
The black bear claws you. The black bear barely misses you.
You hit the black bear.
The black bear is almost dead.
The black bear bites you but does no damage.
You block the black bear's attack. The black bear claws you.
You block the black bear's attack. The black bear barely misses you.
You block the black bear's attack.
You sock the black bear!
You kill the black bear!
v - a scroll of identify You hear the slow rusting of a very distant drain.
As you read the scroll of identify, it crumbles to dust.
t - a potion of magic
As you read the scroll labelled MIXEG DAGEC, it crumbles to dust.
The air around you briefly surges with heat, but it dissipates.
It was a scroll of immolation.
Autopickup disabled for scrolls of immolation.
You drop a scroll of immolation.
You start putting on your amulet.
You continue putting on your amulet of faith. x5
You finish putting on your amulet of faith.
You feel a strange surge of divine interest.
u - an amulet of faith (around neck)
Found a black potion.
Found 5 gold pieces.
o - 4 black potions (gained 1)
An ogre comes into view. It is wielding a +0 giant spiked club.
The ogre shouts!
You hear a shout!
The ogre hits you with a +0 giant spiked club!
You completely miss the ogre.
The ogre hits you with a +0 giant spiked club!
You barely miss the ogre.
The ogre hits you with a +0 giant spiked club!!
You die...

### ... #.# .. #$# ### ##
##. ###O# #.. .. . ..
..#@# #.# ###.#.# #. #.#.#
#.###<#.#.###. #.#.#
#.............
#######.#.###..##........§
................?........§
####..#.#.###....†###.###.
.........................
#######.......###..######.
..............######.


You could see an ogre.

Vanquished Creatures
  Sigmund (D:2)
  An ice beast (D:6)
  A black bear (D:6)
  2 phantoms
  2 hounds
  2 jellies (D:5)
  An orc priest (D:3)
  Jessica (D:3)
  An iguana (D:4)
  A sleepcap (D:6)
  Ijyb (D:3)
  Robin (D:3)
  7 adders
  4 gnolls (D:4)
  2 ufetubi
  2 worms
  A dart slug (D:3)
  6 orcs
  3 bats
  7 endoplasms
  5 giant cockroaches
  20 goblins
  13 hobgoblins
  2 jackals (D:2)
  9 kobolds
  7 quokkas
  3 ball pythons
  5 frilled lizards
  2 rats
113 creatures vanquished.

Vanquished Creatures (others)
  3 orcs (D:6)
3 creatures vanquished.

Grand Total: 116 creatures vanquished

Notes
Turn   | Place    | Note
-------+----------+-------------------------------------------
     0 | D:1      | Dittersdorf the Gargoyle Fighter began the quest for the
                  | Orb.
     0 | D:1      | Reached XP level 1. HP: 14/14 MP: 1/1
   128 | D:1      | Reached XP level 2. HP: 19/19 MP: 2/2
   383 | D:1      | Reached XP level 3. HP: 23/23 MP: 3/3
   557 | D:2      | Noticed Sigmund
   666 | D:2      | Found Vokeshred's Antique Armour Boutique.
   725 | D:2      | Found an opulent altar of Gozag.
   909 | D:2      | Killed Sigmund
   910 | D:2      | Reached XP level 4. HP: 26/30 MP: 4/4
   910 | D:2      | Reached XP level 5. HP: 29/34 MP: 5/5
  1120 | D:2      | Reached XP level 6. HP: 39/39 MP: 6/6
  1283 | D:2      | Found a runed translucent door.
  1284 | D:2      | Noticed Crazy Yiuf
  1672 | D:3      | Noticed Jessica
  1701 | D:3      | Killed Jessica
  1722 | D:3      | Identified the +1 robe of Parts Unknown {rF++}
  1731 | D:3      | Noticed Ijyb
  1781 | D:3      | Killed Ijyb
  2108 | D:3      | Noticed Robin
  2147 | D:3      | Killed Robin
  2965 | D:4      | Reached skill level 5 in Fighting
  2993 | D:4      | Reached skill level 5 in Armour
  2993 | D:4      | Reached skill level 5 in Shields
  3434 | D:4      | Reached XP level 7. HP: 41/44 MP: 7/7
  3503 | D:4      | Found a blossoming altar of Fedhas.
  3841 | D:4      | You fall into a shaft and drop 1 floor!
  3841 | D:5      | Entered Level 5 of the Dungeon
  3952 | D:5      | Found Zioch's Book Emporium.
  4426 | D:5      | Found a radiant altar of Vehumet.
  4918 | D:6      | Reached XP level 8. HP: 39/51 MP: 8/8
  4960 | D:6      | Slain by an ogre

Illustrated notes

Levels and vault maps discovered:
D:1:      arrival_zaba_pyramid, layout_rooms
D:2:      layout_loops_cross, basic_altar, serial_shops,
          nicolae_shop_hallway_plus, st_stairs_10, minmay_goblin_outpost,
          uniq_crazy_yiuf_cottage, uniq_sigmund
D:3:      layout_basic, kennysheep_generic_room_14, uniq_jessica, uniq_robin,
          uniq_ijyb
D:4:      layout_basic, kennysheep_mini, serial_glass, glass_columns_a,
          glass_columns_a, glass_columns_a, glass_columns_b, glass_columns_a,
          glass_columns_b, item_on_display_a
D:5:      cheibrodos_iron_armory, layout_gridville,
          mainiacjoe_overflow_alcove_4, serial_shops,
          nicolae_shop_tiny_real_fake_doors, nicolae_underground_beach
D:6:      layout_basic, mainiacjoe_overflow_boulevard, gup_sewer_entry_spiral,
          lemuel_flamethrower_1

Skill      XL: |  1  2  3  4  5  6 |
---------------+-------------------+-----
Fighting       | 4 5 |  5.9
Maces & Flails | 3 4 |  4.9
Armour         | 4 5 |  5.9
Shields        | 4 5 |  5.9

Action                     |  1- 3 |  4- 6 |  7- 9 || total
---------------------------+-------+-------+-------++-------
  Melee: Flail             |   119 |   230 |   118 ||   467
    Use: Scroll            |       |     6 |     6 ||    12
 Armour: Scale mail        |    12 |       |       ||    12
         Chain mail        |    66 |   176 |    86 ||   328
  Dodge: Dodged            |    63 |    91 |    42 ||   196
  Block: Buckler           |    22 |    41 |     8 ||    71
         Tower shield      |       |       |    53 ||    53

Table legend: (Time is in decaauts)
 A = Elapsed time spent in this place.
 B = Non-inter-level travel time spent in this place.
 C = Inter-level travel time spent in this place.
 D = Time resting spent in this place.
 E = Time spent auto-exploring this place.
 F = Levels seen in this place.
 G = Mean time per level.
                   A        B        C        D        E       F      G
               +--------+--------+--------+--------+--------+-----+--------+
         Total |   5095 |   4786 |    309 |    602 |   2977 |   6 |  849.2 |
       Dungeon |   5095 |   4786 |    309 |    602 |   2977 |   6 |  849.2 |
               +--------+--------+--------+--------+--------+-----+--------+

Top non-repeatable levels by time:
     D:3: 1374 daAuts
     D:4: 1209 daAuts
     D:2: 982 daAuts
     D:5: 752 daAuts
     D:1: 650 daAuts
     D:6: 126 daAuts
